 Dungeon Crawl Stone Soup version 0.27.1-33-g824d729ab1 (webtiles) character file.

Game seed: 2808832602437612083

1140 Cykl0x the Skirmisher (level 8, -3/50 HPs)
             Began as a Gargoyle Fighter on Nov 25, 2021.
             Slain by an ice beast (11 damage)
             ... on level 6 of the Dungeon.
             The game lasted 00:08:32 (6006 turns).

Cykl0x the Skirmisher (Gargoyle Fighter)            Turns: 6006, Time: 00:08:32

Health: -3/50      AC: 15    Str: 21    XL:     8   Next: 37%
Magic:  8/8        EV:  6    Int: 10    God:
Gold:   136        SH:  9    Dex:  9    Spells: 7/7 levels left

rFire    . . .     SeeInvis .   a - +1 long sword
rCold    . . .     Faith    .   c - +0 kite shield
rNeg     + + .     Spirit   .   r - +0 chain mail
rPois    ∞         Reflect  .   (no helmet)
rElec    +         Harm     .   (no cloak)
rCorr    .         Rampage  .   (no gloves)
Will     .....                  (no boots)
Stlth    ..........             (no amulet)
HPRegen  0.16/turn              d - ring of positive energy
MPRegen  0.11/turn              (no ring)

@: no status effects
A: sickness immunity, AC +5, negative energy resistance 1, electricity
resistance, torment resistance 1, petrification resistance
a: no special abilities


You were on level 6 of the Dungeon.
You visited 1 branch of the dungeon, and saw 6 of its levels.

You collected 136 gold pieces.

Inventory:

Hand Weapons
 a - a +1 long sword (weapon)
 j - a +2 short sword of protection
Missiles
 e - 232 stones
 h - a boomerang (quivered)
 n - 13 poisoned darts
 q - 2 silver boomerangs
Armour
 b - a +0 scale mail
 c - a +0 kite shield (worn)
 r - a +0 chain mail (worn)
Jewellery
 d - a ring of positive energy (left hand)
Wands
 v - a wand of flame (10)
Scrolls
 m - 2 scrolls of magic mapping
 t - a scroll of teleportation
 w - a scroll of identify
Potions
 f - 3 potions of flight
 i - 2 potions of cancellation {unknown}
 k - a potion of curing {unknown}
 l - a potion of degeneration {unknown}
 o - a potion of ambrosia {unknown}
 p - 3 potions of mutation {unknown}
 s - a potion of might
 u - a potion of lignification {unknown}


   Skills:
 * Level 5.5 Fighting
 + Level 4.6 Long Blades
 * Level 3.6 Throwing
 + Level 4.8 Armour
 * Level 2.9 Dodging
 + Level 4.7 Shields


You had 7 spell levels left.
You didn't know any spells.
Your spell library contained the following spells:

 Spells                   Type           Power      Damage    Failure   Level
 Shock                    Conj/Air       0%         1d3       100%        1
 Swiftness                Air            0%         N/A       100%        3
 Airstrike                Air            0%         N/A       100%        4


Dungeon Overview and Level Annotations

Branches:
Dungeon (6/15)
 Temple: D:4-7

Altars:
Fedhas
Qazlal

Shops:
D:5 !

Annotations:
D:3 1 runed translucent door, Flure's ghost, novice KoHu


Innate Abilities, Weirdness & Mutations

You are immune to sickness and miasma.
Your stone body is resilient. (AC +5)
You are immune to poison.
You resist negative energy. (rN+)
You are resistant to electric shocks. (rElec)
You are resistant to unholy torment.
You are immune to petrification.


Message History

The ice beast hits you. The ice beast freezes you!
You are too injured to fight recklessly!
You are too injured to fight recklessly!
You hit the ice beast.
The ice beast is heavily wounded.
The ice beast hits you but does no damage.
You closely miss the ice beast.
The ice beast is heavily wounded.
The ice beast hits you but does no damage.
The ice beast hits you. The ice beast freezes you!
* * * LOW HITPOINT WARNING * * *
You feel much better. You block the ice beast's attack.
You hit the ice beast.
The ice beast is severely wounded.
The ice beast hits you but does no damage.
You hit the ice beast.
The ice beast is severely wounded.
The ice beast barely misses you.
You riposte.
You closely miss the ice beast.
The ice beast is severely wounded.
Your chain mail prevents you from hitting the ice beast.
The ice beast is severely wounded.
The ice beast hits you. The ice beast freezes you!
The ice beast barely misses you.
You barely miss the ice beast.
The ice beast is severely wounded.
The ice beast hits you but does no damage.
You closely miss the ice beast.
The ice beast is severely wounded.
You block the ice beast's attack.
The ice beast hits you but does no damage.
You hit the ice beast but do no damage.
The ice beast is severely wounded.
The ice beast hits you. The ice beast freezes you!
* * * LOW HITPOINT WARNING * * *
You barely miss the ice beast.
The ice beast is severely wounded.
The ice beast hits you.
* * * LOW HITPOINT WARNING * * *
The ice beast freezes you!
You die...

#..#.........
#..#.........
............ ....
........... #...
#.......... #...####
#...$......
#.....##.##.Y.....##
###....##....@###...(
.......#####..#$#..#.
##....######.###..#
#...................
#.###.#####...#.#.##
#......# #.#.#.# #
#..<...# #.#...#
#......# #.#.....
#........# #.#...#.#


You could see an ice beast.

Vanquished Creatures
  Sigmund (D:2)
  A black bear (D:4)
  A hornet zombie (D:3)
  An ice beast (D:5)
  A phantom (D:5)
  2 scorpions (D:5)
  A howler monkey (D:3)
  A bullfrog zombie (D:5)
  3 hounds (D:5)
  A centaur zombie (D:5)
  A jelly (D:5)
  An orc priest (D:3)
  Jessica (D:3)
  An iguana (D:6)
  8 gnolls
  8 adders
  2 dart slugs
  3 orcs (D:3)
  6 endoplasms
  6 giant cockroaches
  9 goblins
  8 hobgoblins
  4 quokkas
  5 ball pythons
  7 bats
  6 frilled lizards
  6 kobolds
  4 rats
99 creatures vanquished.

Vanquished Creatures (others)
  A plant (D:1)
  2 withered plants (D:3)
3 creatures vanquished.

Grand Total: 102 creatures vanquished

Notes
Turn   | Place    | Note
-------+----------+-------------------------------------------
     0 | D:1      | Cykl0x the Gargoyle Fighter began the quest for the Orb.
     0 | D:1      | Reached XP level 1. HP: 14/14 MP: 1/1
   115 | D:1      | Reached XP level 2. HP: 6/19 MP: 2/2
   869 | D:2      | Reached XP level 3. HP: 24/24 MP: 3/3
   921 | D:2      | Found a blossoming altar of Fedhas.
   953 | D:2      | Noticed Sigmund
  1264 | D:1      | Reached XP level 4. HP: 25/29 MP: 4/4
  1288 | D:1      | Reached skill level 1 in Throwing
  1417 | D:1      | Reached skill level 1 in Dodging
  1758 | D:2      | Reached skill level 4 in Fighting
  2062 | D:2      | Reached XP level 5. HP: 33/33 MP: 5/5
  2417 | D:2      | Killed Sigmund
  2418 | D:2      | Reached XP level 6. HP: 34/39 MP: 6/6
  2436 | D:3      | Found a runed translucent door.
  2457 | D:3      | Found a faded altar of an unknown god.
  2473 | D:3      | Noticed Flure's ghost (novice KoHu)
  3429 | D:3      | Noticed Jessica
  3437 | D:3      | Killed Jessica
  3438 | D:3      | Reached XP level 7. HP: 41/44 MP: 7/7
  4672 | D:4      | Reached skill level 5 in Fighting
  5264 | D:5      | Entered Level 5 of the Dungeon
  5269 | D:5      | Found a stormy altar of Qazlal.
  5269 | D:5      | Noticed an air elemental
  5443 | D:5      | Reached XP level 8. HP: 40/49 MP: 8/8
  5711 | D:5      | Noticed a water elemental
  5733 | D:5      | Found Majischu's Distillery.
  6006 | D:6      | Slain by an ice beast

Illustrated notes

Levels and vault maps discovered:
D:1:      tarquinn_simple_flora_water_a, layout_rooms, due_unseen_surprise
D:2:      layout_rooms, basic_altar, minmay_heptomino_w4, uniq_sigmund
D:3:      layout_loops_ring, gammafunk_ghost_grave,
          hellmonk_ecumenical_altar_lost_god, uniq_jessica
D:4:      layout_layer_cave
D:5:      layout_basic, nicolae_qazlal_style_of_elements, serial_shops,
          nicolae_take_the_stairs, amcnicky_mini_pool_medium
D:6:      layout_basic, item_on_display_a, uniq_blork_the_orc

Skill      XL: |  1  2  3  4  5  6  7 |
---------------+----------------------+-----
Long Blades    | 2 3 4 |  4.6
Throwing       | 1 2 3 |  3.6
Dodging        | 1 2 |  2.9
Fighting       | 4 5 |  5.5
Armour         | 4 |  4.8
Shields        | 4 |  4.7

Action                   |  1- 3 |  4- 6 |  7- 9 || total
-------------------------+-------+-------+-------++-------
Melee: Long sword        |    78 |   114 |   166 ||   358
Throw: Stone             |    24 |    33 |     6 ||    63
       Boomerang         |       |       |    45 ||    45
       Dart              |       |       |     5 ||     5
       Throwing net      |       |       |     1 ||     1
  Use: Scroll            |     3 |     3 |     3 ||     9
       Potion            |       |     1 |     1 ||     2
Armor: Scale mail        |    48 |    70 |    22 ||   140
       Chain mail        |       |       |   103 ||   103
Dodge: Dodged            |    30 |    54 |    52 ||   136
Block: Kite shield       |    53 |    69 |    98 ||   220
       Rpst.: Long sword |    11 |    16 |    12 ||    39
